 Dungeon Crawl Stone Soup version 0.28-a0-1033-g1a2f33fa85 (webtiles) character file.

Game seed: 16374112707880500948

413 ytrimaz the Covered (level 6, -7/49 HPs)
             Began as a Demonspawn Fighter on Dec 7, 2021.
             Mangled by a gnoll (10 damage)
             ... on level 4 of the Dungeon.
             The game lasted 00:04:50 (3559 turns).

ytrimaz the Covered (Demonspawn Fighter)            Turns: 3559, Time: 00:04:51

Health: -7/49      AC:  9    Str: 18    XL:     6   Next: 59%
Magic:  6/6        EV:  9    Int:  9    God:
Gold:   100        SH:  5    Dex: 13    Spells: 5/5 levels left

rFire   . . .      SeeInvis .   a - +0 rapier
rCold   . . .      Faith    .   c - +0 buckler
rNeg    . . .      Spirit   .   b - +0 scale mail
rPois   .          Reflect  .   (no helmet)
rElec   .          Harm     .   (no cloak)
rCorr   .          Rampage  .   (no gloves)
Will    .....                   (no boots)
Stlth   ..........              (no amulet)
HPRegen 0.16/turn               (no ring)
MPRegen 0.10/turn               (no ring)

@: mighty
A: yellow scales 1, weakness stinger 2
a: no special abilities


You were on level 4 of the Dungeon.
You visited 1 branch of the dungeon, and saw 4 of its levels.

You collected 100 gold pieces.

Inventory:

Hand Weapons
 a - a +0 rapier (weapon)
Armour
 b - a +0 scale mail (worn)
 c - a +0 buckler (worn)
Jewellery
 e - an amulet of guardian spirit
 i - an amulet of reflection
Scrolls
 g - 2 scrolls of fog
 h - 2 scrolls of identify
 j - a scroll of blinking
Potions
 d - 2 potions of might
 f - a potion of magic
 k - a potion of curing
 l - a potion of flight


   Skills:
 + Level 4.6 Fighting
 - Level 1.7 Short Blades
 + Level 4.9 Armour
 + Level 4.2 Shields


You had 5 spell levels left.
You didn't know any spells.
Your spell library contained the following spells:

 Spells                   Type           Power      Damage    Failure   Level
 Pain                     Necr           0%         1d4       77%         1
 Passwall                 Tmut/Erth      0%         N/A       88%         2
 Scorch                   Fire           0%         2d5       88%         2
 Swiftness                Air            0%         N/A       98%         3
 Flame Wave               Conj/Fire      0%         2d4       100%        4
 Agony                    Necr           0%         N/A       100%        5
 Excruciating Wounds      Necr           0%         N/A       100%        5
 Summon Cactus Giant      Summ           0%         N/A       100%        6


Dungeon Overview and Level Annotations

Branches:
Dungeon (4/15)
 Temple: D:4-7

Altars:

Shops:
D:2 (

Annotations:
D:4 Natasha


Innate Abilities, Weirdness & Mutations

You are partially covered in yellow scales. (AC +2)
You have a tail ending in a sharp stinger.


Message History

You block the hobgoblin's attack.
The gnoll shaman hits you with a +0 club.
The gnoll barely misses you.
Unknown command.
Natasha, Servant of Life and Death comes into view.
You feel very mighty all of a sudden. The gnoll hits you but does no damage.
The gnoll shaman hits you but does no damage.
You hit the gnoll shaman. You tail-slap the gnoll shaman.
The gnoll shaman is heavily wounded.
The gnoll barely misses you. The gnoll hits you but does no damage.
The gnoll shaman hits you with a +0 club.
* * * LOW HITPOINT WARNING * * *
You puncture the gnoll shaman!
You kill the gnoll shaman!
The gnoll barely misses you. The gnoll hits you but does no damage.
Unknown command.
You feel better.
The gnoll hits you from afar with a +0 halberd!
Natasha mumbles some strange words.
The gnoll hits you with a +0 halberd!
* * * LOW HITPOINT WARNING * * *
The gnoll misses you.
The crimson imp blinks!
Things that are here:
a +0 club; a +0 leather armour; a gnoll corpse You closely miss the gnoll.
You tail-slap the gnoll, but do no damage.
The gnoll barely misses you.
Natasha mumbles some strange words.
You puncture the gnoll!
The gnoll is heavily wounded.
The gnoll hits you with a +0 halberd!
* * * LOW HITPOINT WARNING * * *
The gnoll closely misses you.
You puncture the gnoll!
You kill the gnoll!
You hit the hobgoblin.
You kill the hobgoblin!
The gnoll hits you from afar with a +0 halberd!
You die...

#....###.....[
...........#.# #.# .#
#)#........#.# #.# .#
#)#..#####.#.# #.# .#
#.#..# #.# #.# .#
#.#..#####.#.# #.# .#
#.#........#.# #.##.##
..#..#######.######5>...###
###..###........@)gh.(5...#
##†....(.###.#########..#.#
..###........# ..# .#
##...##### ..# . #.<## #.#
#..# .# .#.# .# .##.# ##
#.#


You could see Natasha, a gnoll, a crimson imp (summoned) and a white imp
(summoned).

Vanquished Creatures
  Menkaure (D:4)
  A gnoll shaman (D:4)
  An orc priest (D:3)
  An orc wizard (D:4)
  A hound skeleton (D:4)
  5 gnolls
  7 adders
  A worm (D:3)
  3 dart slugs (D:1)
  8 orcs
  2 ball pythons
  6 endoplasms
  5 giant cockroaches
  7 goblins
  5 hobgoblins
  6 jackals
  5 bats
  5 frilled lizards
  8 kobolds
  4 rats
82 creatures vanquished.

Notes
Turn   | Place    | Note
-------+----------+-------------------------------------------
     0 | D:1      | ytrimaz the Demonspawn Fighter began the quest for the Orb.
     0 | D:1      | Reached XP level 1. HP: 18/18 MP: 1/1
   129 | D:1      | Gained mutation: You are partially covered in yellow
                  | scales. (AC +2) [demonic ancestry]
   129 | D:1      | Reached XP level 2. HP: 24/24 MP: 2/2
   350 | D:1      | Found a faded altar of an unknown god.
   614 | D:2      | Reached XP level 3. HP: 29/29 MP: 3/3
   708 | D:2      | Found Xadeukh's Weapon Shop.
  1187 | D:2      | Reached XP level 4. HP: 37/37 MP: 4/4
  2335 | D:3      | Gained mutation: You have a small tail. [demonic ancestry]
  2335 | D:3      | Reached XP level 5. HP: 42/42 MP: 5/5
  3035 | D:4      | Noticed Menkaure
  3043 | D:4      | Killed Menkaure
  3044 | D:4      | Gained mutation: You have a tail ending in a sharp stinger.
                  | [demonic ancestry]
  3044 | D:4      | Reached XP level 6. HP: 25/49 MP: 6/6
  3546 | D:4      | Noticed Natasha
  3559 | D:4      | Mangled by a gnoll

Illustrated notes

Levels and vault maps discovered:
D:1:      dpeg_arrival_more_subterranean_lakeside_camping, layout_basic,
          dreamdust_ecumenical_altar_angels_and_demons
D:2:      layout_basic, serial_curves, eino_curves_04, eino_curves_01,
          serial_shops, nicolae_shop_bloodbath_and_beyond,
          nicolae_figureground_pulse
D:3:      layout_rooms, serial_bayou_pond_e, roderic_lattice_a,
          kennysheep_generic_room_16
D:4:      layout_loops_ring, marbit_many_paths, gammafunk_ghost_nasty_kobolds,
          uniq_natasha, uniq_menkaure

Skill      XL: |  1  2  3  4  5 |
---------------+----------------+-----
Armour         | 3 4 |  4.9
Shields        | 3 4 |  4.2
Fighting       | 4 |  4.6
Short Blades   | |  1.7

Action                   |  1- 3 |  4- 6 || total
-------------------------+-------+-------++-------
Melee: Rapier            |   131 |   169 ||   300
       Tailslap          |       |    14 ||    14
  Use: Scroll            |     3 |     3 ||     6
       Potion            |       |     5 ||     5
Armor: Scale mail        |    96 |    86 ||   182
Dodge: Dodged            |    72 |    93 ||   165
Block: Buckler           |    37 |    44 ||    81

Table legend: (Time is in decaauts)
 A = Elapsed time spent in this place.
 B = Non-inter-level travel time spent in this place.
 C = Inter-level travel time spent in this place.
 D = Time resting spent in this place.
 E = Time spent auto-exploring this place.
 F = Levels seen in this place.
 G = Mean time per level.
                   A        B        C        D        E       F      G
               +--------+--------+--------+--------+--------+-----+--------+
         Total |   3596 |   3453 |    143 |    173 |   2598 |   4 |  899.0 |
       Dungeon |   3596 |   3453 |    143 |    173 |   2598 |   4 |  899.0 |
               +--------+--------+--------+--------+--------+-----+--------+

Top non-repeatable levels by time:
     D:2: 1149 daAuts
     D:3: 1085 daAuts
     D:1: 830 daAuts
     D:4: 531 daAuts
